 Dungeon Crawl Stone Soup version 0.27.0-1-g7a089689b8 (webtiles) character file.

Game seed: 14737302692368171565

326 Thatpatchoflichen the Ogre Mage (level 6, -4/67 HPs)
             Began as an Ogre Hedge Wizard on Aug 7, 2021.
             Was an Initiate of Sif Muna.
             Killed from afar by a white imp (6 damage)
             ... with a puff of frost
             ... on level 5 of the Dungeon.
             The game lasted 00:28:19 (7265 turns).

Thatpatchoflichen the Ogre Mage (Ogre Hedge Wizard) Turns: 7265, Time: 00:28:19

Health: -4/67      AC:  4    Str: 15    XL:     6   Next: 49%
Magic:  15/15      EV:  9    Int: 17    God:    Sif Muna [......]
Gold:   223        SH:  0    Dex:  8    Spells: 9/17 levels left

rFire    + . .     SeeInvis .   f - +0 quarterstaff
rCold    . . .     Faith    .   (shield currently unavailable)
rNeg     . . .     Spirit   .   b - +0 robe
rPois    .         Reflect  .   h - +0 hat
rElec    .         Harm     .   i - +0 cloak
rCorr    .         Rampage  .   (gloves unavailable)
Will     .....                  (boots unavailable)
Stlth    +.........             t - amulet of magic regeneration
HPRegen  0.21/turn              k - ring of protection from fire
MPRegen  0.39/turn              (no ring)

@: lethally poisoned (-4 -> -7)
A: large, unfitting armour, tough skin 1
a: Renounce Religion


You were on level 5 of the Dungeon.
You worshipped Sif Muna.
Sif Muna was noncommittal.
You visited 2 branches of the dungeon, and saw 7 of its levels.

You collected 223 gold pieces.

Inventory:

Hand Weapons
 a - a +0 dagger
 f - a +0 quarterstaff (weapon)
 l - a +0 whip
 o - a +0 flail
Missiles
 u - 2 large rocks
Armour
 b - a +0 robe (worn)
 h - a +0 hat (worn)
 i - a +0 cloak (worn)
Jewellery
 k - a ring of protection from fire (left hand)
 t - an amulet of magic regeneration (around neck)
Scrolls
 c - a scroll of summoning {unknown}
 d - 3 scrolls of teleportation {unknown}
 e - 2 scrolls of identify {unknown}
 m - a scroll of immolation {unknown}
 r - 2 scrolls of amnesia {unknown}
 s - 2 scrolls of fear {unknown}
 v - a scroll of silence {unknown}
 x - 2 scrolls of brand weapon {unknown}
Potions
 g - 2 potions of might {unknown}
 j - a potion of haste {unknown}
 n - a potion of attraction {unknown}
 p - 2 potions of heal wounds {unknown}
 q - a potion of brilliance {unknown}
 w - a potion of resistance {unknown}


   Skills:
 + Level 5.8 Fighting
 + Level 2.0 Dodging
 - Level 1.4 Stealth
 + Level 6.0 Spellcasting
 - Level 0.8 Conjurations
 - Level 1.0 Summonings
 - Level 0.8 Translocations


You had 9 spell levels left.
You knew the following spells:

 Your Spells              Type           Power      Damage    Failure   Level
a - Magic Dart            Conj           32%        1d4       9%          1
b - Call Imp              Summ           8%         N/A       13%         2
c - Blink                 Tloc           N/A        N/A       14%         2
d - Slow                  Hex            5%         N/A       19%         2
e - Sting                 Tmut/Pois      20%        1d4       13%         1

Your spell library contained the following spells:

 Spells                   Type           Power      Damage    Failure   Level
 Passwall                 Tmut/Erth      4%         N/A       19%         2
 Poisonous Vapours        Pois/Air       10%        N/A       19%         2
 Conjure Flame            Conj/Fire      6%         6-21      32%         3
 Mephitic Cloud           Conj/Pois/Air  6%         N/A       34%         3
 Swiftness                Air            5%         N/A       36%         3
 Olgreb's Toxic Radiance  Pois           5%         N/A       77%         4
 Invisibility             Hex            2%         N/A       100%        6


Dungeon Overview and Level Annotations

Branches:
Dungeon (6/15)             Temple (1/1) D:5

Altars:
Ashenzari
Cheibriados
Dithmenos
Elyvilon
Fedhas
Gozag
Kikubaaqudgha
Makhleb
Nemelex Xobeh
Okawaru
Qazlal
Ru
Sif Muna
Uskayaw
Vehumet
Wu Jian
Xom
Zin
The Shining One

Shops:
D:1 [   D:2 (


Innate Abilities, Weirdness & Mutations

You are too large for most types of armour.
You have tough skin. (AC +1)


Message History

You blink.
Casting: Blink (safe; 14% risk of failure)
Confirm with . or Enter, or press ? or * to list all spells.
You blink.
You closely miss the white imp.
The white imp is moderately wounded.
The water moccasin barely misses you. The white imp barely misses you.
The water moccasin bites you.
You hit the white imp.
The white imp is heavily wounded.
The water moccasin bites you.
You are poisoned.
The water moccasin poisons you!
The white imp shouts, "Scamper away, thou froward mumble-news foot-licker!"
The white imp hits you but does no damage.
The water moccasin bites you!
You are more poisoned.
The water moccasin poisons you!
There's nothing to close nearby.
Casting: Blink (safe; 14% risk of failure)
Confirm with . or Enter, or press ? or * to list all spells.
You blink.
You feel very sick. The white imp gestures at you.
The puff of frost misses you.
You feel very sick.
You feel very sick.
You feel very sick.
You feel sick.
You feel sick.
You feel sick.
You feel sick. The white imp gestures at you. The puff of frost hits you!
* * * LOW HITPOINT WARNING * * *
* * * LOW HITPOINT WARNING * * *
You feel sick. The white imp gestures at you. The puff of frost hits you.
You die...

#....................
####.#.#....#....#...
#Z# # #....5.#... #S#
#...5...... #5#
#.#.#####.. #.#
#Z.......
#.#.######.######.
#.#..........# #..
#@##.......#.# #..
#.###.##Z#.#.###..
#.##...........#..
#.##.....#.#.#####
#.##.###.#.#.#####
#.................
##########.##....<
......... #........


You could see a water moccasin, a white imp and a wyvern skeleton.

Vanquished Creatures
  A phantom (D:5)
  A bullfrog skeleton (D:4)
  A howler monkey skeleton (D:4)
  A gnoll (D:3)
  2 adders
  A worm (D:4)
  A dart slug (D:2)
  5 orcs
  10 bats
  12 endoplasms
  A giant cockroach (D:1)
  2 goblins (D:1)
  4 hobgoblins
  3 jackals (D:3)
  7 kobolds
  A quokka (D:3)
  A ball python (D:4)
  2 frilled lizards (D:1)
  6 rats
62 creatures vanquished.

Vanquished Creatures (collateral kills)
  An ice beast (D:4)
  A hound (D:5)
  A gnoll shaman (D:3)
  6 gnolls
  3 adders
  3 worms
  2 quokkas (D:2)
  A bat (D:3)
18 creatures vanquished.

Grand Total: 80 creatures vanquished

Notes
Turn   | Place    | Note
-------+----------+-------------------------------------------
     0 | D:1      | Thatpatchoflichen the Ogre Hedge Wizard began the quest for
                  | the Orb.
     0 | D:1      | Reached XP level 1. HP: 16/16 MP: 5/5
   159 | D:1      | Reached skill level 1 in Fighting
   285 | D:1      | Found Ruonom's Armour Shoppe.
   294 | D:1      | Reached XP level 2. HP: 23/27 MP: 6/6
   349 | D:1      | Reached skill level 4 in Spellcasting
  1347 | D:2      | Reached XP level 3. HP: 29/35 MP: 4/8
  1409 | D:2      | Learned a level 2 spell: Call Imp
  1412 | D:2      | Learned a level 2 spell: Blink
  1415 | D:2      | Learned a level 2 spell: Slow
  1522 | D:2      | Found Edaem's Antique Weapon Shoppe.
  1855 | D:2      | Found a faded altar of an unknown god.
  2417 | D:2      | Reached XP level 4. HP: 44/45 MP: 6/10
  4170 | D:3      | Reached skill level 5 in Spellcasting
  4201 | D:3      | Reached XP level 5. HP: 42/54 MP: 2/12
  4440 | D:4      | Learned a level 1 spell: Sting
  4937 | D:4      | Noticed an ice beast
  6004 | D:4      | Killed an ice beast
  6005 | D:4      | Reached skill level 5 in Fighting
  6005 | D:4      | Reached XP level 6. HP: 66/66 MP: 10/14
  6056 | D:5      | Entered Level 5 of the Dungeon
  6190 | D:5      | Found a staircase to the Ecumenical Temple.
  6202 | Temple   | Entered the Ecumenical Temple
  6419 | Temple   | Became a worshipper of Sif Muna the Loreminder
  6519 | D:5      | Reached skill level 6 in Spellcasting
  6666 | D:5      | Found a hide-covered altar of Uskayaw.
  6667 | D:5      | Noticed a water moccasin
  6726 | D:6      | Reached skill level 1 in Summonings
  7264 | D:5      | HP: 3/67 [white imp/puff of frost (11)]
  7265 | D:5      | Killed from afar by a white imp

Illustrated notes

Levels and vault maps discovered:
D:1:      dpeg_arrival_windows_large_door, layout_basic, serial_shops,
          shop_statue
D:2:      layout_loops_cross, chequers_ecumenical_altar_grove, serial_shops,
          shop, st_stairs_4, chequers_serial_rivers_micro_a,
          kennysheep_generic_room_13
D:3:      layout_basic, grunt_decor_junction
D:4:      layout_basic
D:5:      layout_basic, old_standard_altar, temple_green, minmay_misc_feat_five
D:6:      layout_basic, serial_shops, nicolae_shop_stone, minmay_door_square,
          uniq_sigmund
Temple:   dpeg_five_rooms_temple

Skill      XL: |  1  2  3  4  5  6 |
---------------+-------------------+-----
Fighting       | 1 2 3 5 |  5.8
Spellcasting   | 4 5 6 |  6.0
Dodging        | 2 |  2.0
Summonings     | 1 |  1.0
Stealth        | |  1.4
Conjurations   | |  0.8
Translocations | |  0.8

Action                   |  1- 3 |  4- 6 || total
-------------------------+-------+-------++-------
Melee: Dagger            |    67 |     8 ||    75
       Quarterstaff      |       |    84 ||    84
 Cast: Magic Dart        |    28 |    43 ||    71
       Call Imp          |    14 |    42 ||    56
       Blink             |     1 |     5 ||     6
       Sting             |       |     2 ||     2
       Slow              |       |     4 ||     4
 Stab: Sleeping          |     1 |     1 ||     2
Armor: Robe              |    30 |    60 ||    90
Dodge: Dodged            |    49 |   104 ||   153
